 Dungeon Crawl Stone Soup version 0.22-a0-775-ga7d80019b5 (webtiles) character file.

61 Mirvelgyr the Chopper (level 3, -3/33 HPs)
             Began as a Minotaur Berserker on July 18, 2018.
             Was a Believer of Trog.
             Slain by Sigmund
             ... wielding a +0 scythe
              (11 damage)
             ... on level 2 of the Dungeon.
             The game lasted 00:02:11 (1324 turns).

Mirvelgyr the Chopper (Minotaur Berserker)          Turns: 1324, Time: 00:02:12

Health: -3/33      AC: 11    Str: 22    XL:     3   Next: 83%
Magic:  2/2        EV:  6    Int:  4    God:    Trog [**....]
Gold:   98         SH:  0    Dex:  4    Spells: 2/2 levels left

rFire    . . .     SeeInvis .   h - -3 hand axe (curse)
rCold    . . .     Gourm    .   (no shield)
rNeg     . . .     Faith    .   d - +0 plate armour
rPois    .         Spirit   .   (helmet restricted)
rElec    .         Reflect  .   (no cloak)
rCorr    .         Harm     .   (no gloves)
MR       .....                  (no boots)
Stlth    ..........             (no amulet)
HPRegen  0.11/turn              b - -5 ring of dexterity (curse)
MPRegen  0.08/turn              (no ring)

@: confused, berserk cooldown, slowed, very slow
A: retaliatory headbutt, horns 2
a: Berserk, Trog's Hand, Renounce Religion


You were on level 2 of the Dungeon.
You worshipped Trog.
Trog was pleased with you.
You were near starving.

You visited 1 branch of the dungeon, and saw 2 of its levels.

You collected 98 gold pieces.

Inventory:

Hand Weapons
 a - a +0 hand axe
 h - a cursed -3 hand axe (weapon)
Armour
 d - a +0 plate armour (worn)
Jewellery
 b - a cursed -5 ring of dexterity (left hand)
 f - an uncursed ring of ice {unknown}
Scrolls
 g - a scroll of identify
Potions
 e - a potion of curing
Comestibles
 c - 5 rations
 i - a chunk of flesh


   Skills:
 - Level 3.6 Fighting
 + Level 5.8 Axes
 - Level 2.4 Armour
 - Level 2.2 Dodging


You had 2 spell levels left.
You didn't know any spells.
Your spell library was empty.

Dungeon Overview and Level Annotations

Branches:
Dungeon (2/15)

Altars:
Yredelemnul
The Shining One

Annotations:
D:2 Sigmund


Innate Abilities, Weirdness & Mutations

You reflexively headbutt those who attack you in melee.
You have a pair of horns on your head.


Message History

Your plate armour prevents you from hitting Sigmund.
Sigmund is almost dead.
Sigmund hits you but does no damage.
You closely miss Sigmund. Your headbutt misses Sigmund.
Sigmund is almost dead.
Sigmund casts a spell at you. You resist with significant effort.
Sigmund hits you but does no damage.
You closely miss Sigmund.
Sigmund is almost dead.
Sigmund gestures at you while chanting.
You are confused.
You're too confused to move!
Sigmund is no longer unusually agile.
Sigmund gestures at you while chanting. The magic dart hits you!
* * * LOW HITPOINT WARNING * * *
Sigmund hits you but does no damage.
You miss Sigmund.
Sigmund is almost dead.
Sigmund hits you with a scythe!
You die...

##.##..##. #.. #.#
#..## #..#
#.###.###...## #..#
#.........#..###..##
...####.###.....#....##
####.###.###.#.....#
.........# #........
.###....)###)@......
..(...>....'@.......
.####....#.#†.......
##.#.#.##.......
.....#.# ......#
#####.... .#...## ....#
###+## #####


You could see Sigmund.

Vanquished Creatures
  2 adders (D:2)
  An ooze (D:1)
  A dart slug (D:1)
  4 bats (D:1)
  2 giant cockroaches (D:1)
  4 goblins
  2 hobgoblins
  A quokka (D:2)
  5 frilled lizards
  8 kobolds (D:1)
  9 rats
39 creatures vanquished.

Notes
Turn   | Place    | Note
-------+----------+-------------------------------------------
     0 | D:1      | Mirvelgyr the Minotaur Berserker began the quest for the Orb.
     0 | D:1      | Reached XP level 1. HP: 19/19 MP: 0/0
   120 | D:1      | Reached skill level 4 in Axes
   172 | D:1      | Reached XP level 2. HP: 27/27 MP: 1/1
   463 | D:1      | Reached skill level 5 in Axes
   601 | D:1      | Reached XP level 3. HP: 33/33 MP: 2/2
   644 | D:1      | Reached ** piety under Trog
   927 | D:2      | Found a basalt altar of Yredelemnul.
  1281 | D:2      | Found a glowing golden altar of the Shining One.
  1289 | D:2      | Noticed Sigmund
  1324 | D:2      | Slain by Sigmund

Vault maps used:
D:1:      grunt_arrival_lava_bath
D:2:      tso_metal_star, nicolae_overflow_hidden_temple,
          kennysheep_slug_shrine, first_ration, kennysheep_generic_room_9,
          uniq_terence, uniq_sigmund

Skill      XL: |  1  2 |
---------------+-------+-----
Axes           | 4 5 |  5.8
Fighting       | |  3.6
Armour         | |  2.4
Dodging        | |  2.2

Action                   || total
-------------------------++-------
Melee: Hand axe          ||   147
       Headbutt          ||    10
Invok: Berserk           ||     1
       Trog's Hand       ||     1
  Use: Scroll            ||     1
  Eat: Chunk             ||     1
Armor: Plate armour      ||   108
Dodge: Dodged            ||    43

Table legend:
 A = Spawn XP
 B = Non-spawn XP
 C = Spawn XP percentage of total XP
 D = Spawn monster count
 E = Non-spawn monster count
 F = Spawn count percentage of total count
 G = Total turns spent on level
                    A         B        C        D         E        F      G
               +---------+---------+-------+---------+---------+-------+---------
         Total |       0 |      88 |   0.0 |       0 |      39 |   0.0 |  1324
               +---------+---------+-------+---------+---------+-------+---------
           D:1 |       0 |      53 |   0.0 |       0 |      32 |   0.0 |   919
           D:2 |       0 |      35 |   0.0 |       0 |       7 |   0.0 |   405
               +---------+---------+-------+---------+---------+-------+---------
